 Seeded DCSS version 0.30-a0-591-g3c58d2bc28 (webtiles) character file.

Game seed: 20230104 (custom seed)

0 flotson the Sneak (level 1, -5/18 HPs)
             Began as a Demonspawn Delver on Jan 4, 2023.
             Was an Initiate of Hepliaklqana.
             Slain by an orc
             ... wielding a +0 hand axe
              (6 damage)
             ... on level 5 of the Dungeon.
             The game lasted 00:00:49 (124 turns).

flotson the Sneak (Demonspawn Delver)                Turns: 124, Time: 00:00:50

Health: -5/18      AC:  3    Str: 12    XL:     1   Next: 0%
Magic:  1/1        EV: 11    Int: 11    God:    Hepliaklqana [......]
Gold:   0          SH:  0    Dex: 14    Spells: 0/0 levels left

rFire   . . .      SeeInvis .    a - +0 hand axe
rCold   . . .      Faith    .    (no shield)
rNeg    . . .      Spirit   .    b - +0 leather armour
rPois   .          Reflect  .    (no helmet)
rElec   .          Harm     .    (no cloak)
rCorr   .          Rampage  .    (no gloves)
Will    .....                    (no boots)
Stlth   ++                       (no amulet)
HPRegen 0.23/turn                (no ring)
MPRegen 0.07/turn                (no ring)

@: hasted, very quick
A: no striking features
a: Renounce Religion


You were on level 5 of the Dungeon.
You worshipped Hepliaklqana.
Hepliaklqana was noncommittal.
You visited 1 branch of the dungeon, and saw 2 of its levels.

Inventory:

Hand Weapons
 a - a +0 hand axe (weapon)
Armour
 b - a +0 leather armour (worn)
Wands
 g - a wand of digging (3)
Scrolls
 c - a scroll of fog
 e - a scroll of fear


   Skills:
 + Level 3.0 Fighting
 + Level 1.7 Axes
 + Level 0.0 Armour
 + Level 1.7 Dodging
 + Level 4.5 Stealth
 + Level 0.0 Invocations
 + Level 0.0 Evocations


You couldn't memorise any spells.
You didn't know any spells.
Your spell library was empty.

Dungeon Overview and Level Annotations

Branches:
Dungeon (5/15)
 Temple: D:4-7

Altars:
Fedhas
Hepliaklqana
Ru
Uskayaw


Message History

Found a hazy altar of Hepliaklqana.
The orc wizard shouts!
The orc shouts!
The orc priest shouts!
There is a hazy altar of Hepliaklqana here.
You kneel at the altar of Hepliaklqana.
Hepliaklqana welcomes you!
There is a stone staircase leading down here.
You climb downwards.
The orc barely misses you. x2
The orc hits you but does no damage.
There is a stone staircase leading up here.
You hit the orc.
The orc is moderately wounded.
You hit the orc. x2; The orc hits you with a +0 dagger.
The orc hits you with a +0 hand axe. The orc barely misses you.
You completely miss the orc.
The orc is moderately wounded.
You closely miss the orc. You hit the orc. The orc hits you with a +0 dagger.
The orc hits you with a +0 hand axe. x2
Unknown command.
You are too injured to fight recklessly!
Unknown command.
You are too injured to fight recklessly!
Unknown command.
You feel yourself speed up. The orc hits you but does no damage.
The orc hits you with a +0 hand axe.
* * * LOW HITPOINT WARNING * * *
The orc barely misses you.
You closely miss the orc.
The orc is moderately wounded.
You hit the orc. You completely miss the orc. The orc closely misses you. x3
You barely miss the orc.
The orc is heavily wounded.
You hit the orc. x2
You slash the orc!
You kill the orc!
You hit the orc but do no damage. x2; The orc hits you with a +0 hand axe.
* * * LOW HITPOINT WARNING * * *
The orc hits you with a +0 hand axe.
You die...

* *,,* *,*****,* ***********,**
*,,,...,* *,,*,,*,,+,,,*
****#.#** ,,**,**,***,,* #.#
,,*,,*,,*,,*** #.# *,,,**,***,,*
######.###
**,,*,,*,,****#........#
,**,,,***,,*,##..o.....##########
*,**,,*,,***,#..@o..............#
,*,*****,,*,,##..).....########.#
,,*,**,,***,**#........# #.#
*,,*,**,,*,,,*#..#.....# #.#
,*,,*,,***,*,*#........# #o#
*,*,,,,,*,,***######)### #.#
**,*,,***,,,,* #.# #o#
,**,*,,*,,**,* #.# #.#
,,**,,**,,,*** **+** #.#


You could see 2 orcs.

Vanquished Creatures
  An orc (D:5)
1 creature vanquished.

Notes
Turn   | Place    | Note
-------+----------+-------------------------------------------
     0 | D:5      | flotson the Demonspawn Delver began the quest for the Orb.
     0 | D:5      | Reached XP level 1. HP: 18/18 MP: 1/1
     5 | D:5      | Noticed an orc priest
    65 | D:4      | Found a hide-covered altar of Uskayaw.
    65 | D:4      | Found a blossoming altar of Fedhas.
    65 | D:4      | Found a sacrificial altar of Ru.
    98 | D:4      | Found a hazy altar of Hepliaklqana.
   100 | D:4      | Noticed an orc priest
   101 | D:4      | Noticed an orc wizard
   106 | D:4      | Became a worshipper of Hepliaklqana the Forgotten
   124 | D:5      | Slain by an orc

Illustrated notes

Levels and vault maps discovered:
D:4:      minmay_general_purpose_star, layout_loops_ring,
          nicolae_overflow_hidden_temple, kennysheep_mini_moat
D:5:      minmay_razor_zed, layout_loops_corners, mainiacjoe_overflow_alcove_1,
          dreamdust_princess_corridor, uniq_edmund, uniq_duvessa

Action                   || total
-------------------------++-------
Melee: Hand axe          ||     7
  Use: Scroll            ||     1
       Potion            ||     1
Armor: Leather armour    ||     2
Dodge: Dodged            ||     8

Table legend: (Time is in decaauts)
 A = Elapsed time spent in this place.
 B = Non-inter-level travel time spent in this place.
 C = Inter-level travel time spent in this place.
 D = Time resting spent in this place.
 E = Time spent auto-exploring this place.
 F = Levels seen in this place.
 G = Mean time per level.
                   A        B        C        D        E       F      G
               +--------+--------+--------+--------+--------+-----+--------+
         Total |    124 |    124 |      0 |      0 |     37 |   2 |   62.0 |
       Dungeon |    124 |    124 |      0 |      0 |     37 |   2 |   62.0 |
               +--------+--------+--------+--------+--------+-----+--------+

Top non-repeatable levels by time:
     D:5: 71 daAuts
     D:4: 52 daAuts
